 Dungeon Crawl Stone Soup version 0.31.0-11-ge490571c62 (webtiles) character file.

Game seed: 12014083208319314634

59955 Zdeegee the Convoker (level 14, -43/111 HPs)
             Began as a Barachi Summoner on Feb 4, 2024.
             Was a High Priest of Sif Muna.
             Annihilated by a titanic slime creature (91 damage)
             ... on level 13 of the Dungeon.
             The game lasted 01:58:07 (26418 turns).

Zdeegee the Convoker (Barachi Summoner)            Turns: 26418, Time: 01:58:08

Health: -43/111    AC:  8    Str:  9    XL:     14   Next: 97%
Magic:  39/41      EV: 15    Int: 19    God:    Sif Muna [*****.]
Gold:   1057       SH:  0    Dex: 13    Spells: 2/41 levels left

rFire   . . .        r - +4 dagger (flame)
rCold   + . .        (no shield)
rNeg    . . .        k - +2 robe {Will+}
rPois   .            e - +1 hat
rElec   +            (no cloak)
rCorr   .            O - +0 pair of gloves
SInv    +            Z - +0 pair of boots
Will    ++...        U - amulet of Qezesaym {RegenMP rElec Regen+ Int-3 SInv}
Stlth   ++           Q - ring of magical power
HPRegen 1.18/turn    J - ring "Zaarhyej" {rC+ Str-2 Int+3 Slay+5}
MPRegen 0.67/turn

%: no passive effects
@: studying Stealth, slow
A: amphibious, slowness 1, strong legs 2, +LOS
a: Hop, Renounce Religion, Channel Magic, Forget Spell, Divine Exegesis


You were on level 13 of the Dungeon.
You worshipped Sif Muna.
Sif Muna was extremely pleased with you.
You visited 4 branches of the dungeon, and saw 21 of its levels.
You also visited: Ice Cave.

You collected 2163 gold pieces.
You spent 1106 gold pieces at shops.

Inventory:

Hand Weapons
 d - a +2 dagger of venom
 r - a +4 dagger of flaming (weapon)
 z - the +10 hand axe "Etaheuh" {heavy, rElec rPois Dex-5}
   (You found it on level 5 of the Dungeon)

   Dex-5:     It affects your dexterity (-5).
   rElec:     It insulates you from electricity.
   rPois:     It protects you from poison
Missiles
 p - 3 throwing nets
Armour
 a - the +1 scale mail "Usoevveylo" {Regen+ rCorr Dex+3}
   (You found it on level 5 of the Lair of Beasts)

   Dex+3:     It affects your dexterity (+3).
   Regen+:    It increases your rate of health regeneration.
   rCorr:     It protects you from acid and corrosion.
 e - a +1 hat (worn)
 k - a +2 robe of willpower (worn)
 q - a +2 robe of fire resistance
 s - a +4 scale mail of cold resistance
 N - a +0 troll leather armour
 O - a +0 pair of gloves (worn)
 S - a +0 robe of cold resistance
 Z - a +0 pair of boots (worn)
Magical Staves
 u - a staff of cold
Jewellery
 c - a ring of see invisible
 o - an amulet of regeneration
 v - a +5 ring of evasion
 w - a +6 ring of dexterity
 E - an amulet of reflection
 J - the ring "Zaarhyej" (right hand) {rC+ Str-2 Int+3 Slay+5}
   (You bought it in a shop on level 2 of the Orcish Mines)

   [ring of protection from cold]

   Str-2:     It affects your strength (-2).
   Int+3:     It affects your intelligence (+3).
   Slay+5:    It affects your accuracy & damage with ranged weapons and melee
   (+5).
   rC+:       It protects you from cold.
 P - the amulet "Imasasch" {Faith *Corrode rF+++ Str-2 Dex+5}
   (You found it on level 11 of the Dungeon)

   [amulet of faith]

   Faith:     It allows you to gain divine favour quickly.
   Str-2:     It affects your strength (-2).
   Dex+5:     It affects your dexterity (+5).
   rF+++:     It renders you almost immune to fire.
   *Corrode:  It may corrode you when you take damage.
 Q - a ring of magical power (left hand)
 U - the amulet of Qezesaym (around neck) {RegenMP rElec Regen+ Int-3 SInv}
   (You found it on level 3 of the Lair of Beasts)

   [amulet of magic regeneration]

   RegenMP:   It increases your rate of magic regeneration.
   Int-3:     It affects your intelligence (-3).
   rElec:     It insulates you from electricity.
   SInv:      It lets you see invisible.
   Regen+:    It increases your rate of health regeneration.
 X - the ring of Xoriojas {Ice +Blink Str+4}
   (You found it on level 4 of the Lair of Beasts)

   [ring of ice]

   Ice:       It enhances your ice magic.
   Str+4:     It affects your strength (+4).
   rF-:       It makes you vulnerable to fire.
   rC+:       It protects you from cold.
   +Blink:    It lets you blink.
Wands
 h - a wand of quicksilver (4)
 C - a wand of paralysis (23)
 L - a wand of flame (29)
 R - a wand of iceblast (3)
Scrolls
 i - 2 scrolls of teleportation
 j - a scroll of brand weapon {unknown}
 n - a scroll of fear
 y - 2 scrolls of amnesia
 A - 7 scrolls of enchant weapon
 D - 3 scrolls of blinking
 F - 3 scrolls of enchant armour
 G - a scroll of revelation
 H - 3 scrolls of fog
 K - a scroll of poison
 M - a scroll of butterflies
Potions
 b - a potion of magic
 f - 3 potions of enlightenment
 g - 2 potions of haste
 m - 2 potions of lignification
 t - 4 potions of might
 x - a potion of invisibility
 B - a potion of ambrosia
 I - 2 potions of heal wounds
 T - 4 potions of curing
 Y - a potion of brilliance {unknown}
Miscellaneous
 l - a lightning rod (4/4)


   Skills:
 * Level 10.7 Fighting
 + Level 2.8 Short Blades
 + Level 0.1 Axes
 * Level 9.1 Armour
 * Level 8.6 Dodging
 + Level 2.8 Stealth
 + Level 0.8 Shields
 * Level 14.1 Spellcasting
 * Level 17.0 Summonings
 + Level 1.9 Necromancy
 + Level 0.4 Translocations
 + Level 2.0 Fire Magic
 + Level 7.5 Ice Magic
 * Level 3.6 Air Magic
 * Level 4.3 Invocations
 + Level 0.4 Evocations


You had 2 spell levels left.
You knew the following spells:

 Your Spells              Type           Power      Damage    Failure   Level
a - Summon Small Mammal   Summ           100%       N/A       0%          1
b - Call Imp              Summ           100%       N/A       0%          2
c - Call Canine Familiar  Summ           68%        N/A       0%          3
d - Summon Ice Beast      Ice/Summ       57%        N/A       1%          3
e - Summon Lightning Spi  Summ/Air       52%        N/A       1%          4
f - Summon Blazeheart Go  Fire/Summ      49%        N/A       1%          4
g - Martyr's Knell        Necr/Summ      49%        N/A       1%          4
h - Summon Forest         Summ/Tloc      23%        N/A       3%          5
i - Summon Hydra          Summ           34%        N/A       3%          7
j - Summon Cactus Giant   Summ           34%        N/A       1%          6

Your spell library contained the following spells:

 Spells                   Type           Power      Damage    Failure   Level
 Ensorcelled Hibernation  Hex/Ice        54%        N/A       1%          2
 Necrotise                Necr           80%        1d8       2%          1
 Animate Armour           Summ/Erth      90%        N/A       1%          4
 Hailstorm                Conj/Ice       27%        3d8       3%          3
 Swiftness                Air            27%        N/A       3%          3
 Vampiric Draining        Necr           20%        2d7       6%          3
 Dazzling Flash           Conj/Hex       26%        N/A       14%         3
 Passwall                 Erth           13%        N/A       14%         3
 Stone Arrow              Conj/Erth      26%        3d8       14%         3
 Tukima's Dance           Hex            13%        N/A       14%         3
 Vhi's Electric Charge    Tloc/Air       42%        N/A       21%         4
 Summon Horrible Things   Summ           34%        N/A       28%         8
 Flame Wave               Conj/Fire      17%        2d7       32%         4
 Ignite Poison            Fire/Alch      17%        N/A       32%         4
 Sticky Flame             Fire/Alch      17%        2d5       32%         4
 Dimensional Bullseye     Hex/Tloc       7%         N/A       41%         4
 Iskenderun's Mystic Bla  Conj/Tloc      14%        2d5       41%         4
 Olgreb's Toxic Radiance  Alch           13%        N/A       43%         4
 Curse of Agony           Necr           20%        N/A       52%         5
 Arcjolt                  Conj/Air       10%        1d20      54%         5
 Fireball                 Conj/Fire      8%         3d6       65%         5
 Sculpt Simulacrum        Ice/Alch       13%        N/A       85%         6
 Ozocubu's Refrigeration  Ice            21%        4d12      88%         7
 Eringya's Noxious Bog    Alch           6%         4d6       100%        6
 Orb of Destruction       Conj           6%         9d6       100%        7
 Discord                  Hex            6%         N/A       100%        8
 Lehudib's Crystal Spear  Conj/Erth      6%         10d3      100%        8
 Maxwell's Capacitive Co  Air            13%        ∞         100%        8


Dungeon Overview and Level Annotations

Branches:
Dungeon (13/15)            Temple (1/1) D:4            Lair (5/5) D:11
  Swamp (0/4) Lair:3        Snake (0/4) Lair:2        Slime (0/5) Lair:4
    Orc (2/2) D:11            Elf (0/3) Orc:2         IceCv (visited)
 Vaults: D:13-14

Altars:
Ashenzari
Cheibriados
Dithmenos
Elyvilon
Fedhas
Gozag
Hepliaklqana
Kikubaaqudgha
Makhleb
Nemelex Xobeh
Okawaru
Qazlal
Ru
Sif Muna
Trog
Uskayaw
Vehumet
Wu Jian
Xom
Yredelemnul
Zin
The Shining One
Jiyva

Shops:
D:2 *   D:6 *   D:8 (   Orc:2 =[*(=

Portals:
Trove: D:11 (show abyssal rune of Zot)

Annotations:
D:10 1 runed translucent door
Lair:2 1 runed translucent door, Biggs's ghost, journeyman TrFi


Innate Abilities, Weirdness & Mutations

You are amphibious.
You cover ground slowly.
You can hop long distances.
You have an extended range of vision and can be seen from far away.


Message History

The slime creature quivers. x2
Unknown command.
Two slime creatures merge to form a large slime creature.
Two slime creatures merge to form a very large slime creature.
Your lightning spire shoots out a bolt of lightning at the slime creature!
The bolt of electricity hits the slime creature! x2
A very large slime creature splits.
Two slime creatures merge to form a large slime creature.
Two slime creatures merge to form an enormous slime creature.
Two slime creatures merge to form a titanic slime creature.
Your lightning spire shoots out a bolt of lightning at the titanic slime creature!
The bolt of electricity hits the titanic slime creature!
The titanic slime creature hits your lightning spire but does no damage.
The titanic slime creature hits your lightning spire!!!!
Your lightning spire is destroyed!
Your lightning spire disappears in a puff of smoke!
Casting: Summon Lightning Spire (mildly dangerous; 1% risk of failure)
Confirm with . or Enter, or press ? or * to list all spells.
You swap places.
Your cactus giant barely misses the titanic slime creature.
The titanic slime creature is struck by your cactus giant's spines.
The titanic slime creature hits your cactus giant!!!
The titanic slime creature is struck by your cactus giant's spines.
The titanic slime creature hits your cactus giant!!!
Your cactus giant is destroyed!
Your cactus giant disappears in a puff of smoke!
Casting: Summon Cactus Giant (dangerous; 1% risk of failure)
Confirm with . or Enter, or press ? or * to list all spells.
The titanic slime creature is struck by your cactus giant's spines.
The titanic slime creature hits your cactus giant!!!
The titanic slime creature is struck by your cactus giant's spines.
The titanic slime creature hits your cactus giant!!!!
Your cactus giant is destroyed!
Your cactus giant disappears in a puff of smoke!
The titanic slime creature attacks as it pursues you!
The titanic slime creature hits you!!!
Ouch! That really hurt!
The titanic slime creature hits you!!!!
Ouch! That really hurt!
You die...

#.# #.....# .# # #.# #.....#
.#. #.## #.....# #.# #..#
#.....# ####.# ##.# #.....#
#..... #.# ###.#####.##.# #.#
#.........##.# #J#
#.#.#####....# #@###.#.#
#.#### #.#.....# #..... ###
#.#....># #.###.
#########.###.......#####.#
#.
###......8†#.####...........#
#. #......####.##
#...#....##.# #. ##.#.##.#
#.# #........##.# #.
.....##.# #.# ###.#..#.##.#
#. ##.####.# #.# #.........#
#.


You could see a titanic slime creature.

Vanquished Creatures
  A hydra (Lair:4)
  A cyclops (D:11)
  A kobold blastminer (Orc:1)
  An unseen horror (D:13)
  2 rime drakes
  A kobold demonologist (D:9)
  A komodo dragon (D:11)
  A troll (Orc:2)
  A polar bear (Lair:5)
  6 nameless horrors
  A slime creature (D:8)
  A wraith (D:13)
  A wyvern (D:9)
  3 yaks
  2 water moccasins
  3 orc warriors
  6 wolves
  A centaur (D:11)
  A bullfrog (Lair:4)
  4 killer bees
  An electric eel (D:11)
  2 hounds
  An orc priest (Orc:2)
  4 orc wizards
  3 adders
  A shadow imp (D:6)
  8 orcs
  6 bats
  3 giant cockroaches
  3 goblins (D:2)
  A hobgoblin (D:3)
  3 kobolds
  2 quokkas
  2 ball pythons
  2 frilled lizards
  3 rats
  A snaplasher vine (Lair:4)
85 creatures vanquished.

Vanquished Creatures (collateral kills)
  An orc warlord (Orc:2)
  Azrael (Orc:2)
  A dire elephant (Lair:5)
  Snorg (Orc:1)
  A fire dragon (Lair:4)
  2 hydras (Lair:2)
  2 rakshasas
  A catoblepas (Lair:5)
  A boulder beetle (D:13)
  6 death yaks (Lair:5)
  A deep troll shaman (Lair:5)
  6 orc high priests
  A lindwurm (Lair:4)
  4 orc knights (Orc:2)
  A bog body (Lair:3)
  4 orc sorcerers
  A manticore (D:13)
  4 kobold blastminers
  Maurice (D:8)
  4 cyclopes
  A meliai (D:11)
  6 elephants
  4 black mambas
  15 cane toads
  2 gargoyles
  2 rime drakes (Lair:4)
  2 kobold demonologists
  7 komodo dragons
  A freezing wraith (D:11)
  4 trolls
  2 polar bears
  Prince Ribbit (D:5)
  4 blink frogs (Lair:5)
  4 slime creatures (D:8)
  2 shadows (D:11)
  26 yaks
  4 basilisks
  4 fire elementals (Orc:2)
  3 wraiths
  2 wargs (Orc:2)
  A redback (D:11)
  7 steam dragons
  8 vampire mosquitoes
  6 nagas (Lair:2)
  An acid dragon (D:11)
  3 hell hounds (Orc:2)
  11 water moccasins
  10 nameless horrors
  22 orc warriors
  2 ice beasts
  A laughing skull (D:11)
  3 centaurs
  4 ogres
  17 wolves
  3 kobold brigands
  9 bullfrogs
  3 scorpions
  8 killer bees
  5 electric eels
  6 howler monkeys
  3 hounds
  5 jellies
  3 gnoll boudas
  7 orc priests (Orc:2)
  4 iguanas
  2 sleepcaps
  29 orc wizards
  A wolf simulacrum (IceCv)
  18 gnolls
  5 adders
  A white imp (D:7)
  3 ribbon worms
  52 orcs
  2 ball pythons (D:4)
  4 endoplasms
  A giant cockroach (D:2)
  4 goblins
  2 hobgoblins
  3 jackals (D:2)
  18 kobolds
  2 quokkas
  2 bats
  3 frilled lizards
444 creatures vanquished.

Vanquished Creatures (others)
  A steam dragon (Lair:4)
  An orc warrior (Orc:2)
  An orc priest (Orc:2)
  An orc wizard (Orc:2)
  An orc (Orc:2)
  5 blazeheart cores
  4 snaplasher vines
14 creatures vanquished.

Grand Total: 543 creatures vanquished

Notes
Turn   | Place    | Note
-------+----------+-------------------------------------------
     0 | D:1      | Zdeegee the Barachi Summoner began the quest for the Orb.
     0 | D:1      | Reached XP level 1. HP: 13/13 MP: 3/3
   161 | D:1      | Reached skill level 5 in Summonings
   276 | D:1      | Reached XP level 2. HP: 19/19 MP: 0/5
   279 | D:1      | Learned a level 2 spell: Call Imp
  1252 | D:2      | Found an ancient bone altar of Kikubaaqudgha.
  1300 | D:2      | Reached skill level 1 in Fighting
  1331 | D:2      | Reached XP level 3. HP: 26/26 MP: 2/6
  1371 | D:2      | Learned a level 3 spell: Call Canine Familiar
  1828 | D:2      | Reached XP level 4. HP: 31/32 MP: 3/8
  1911 | D:2      | Found Zaykhlueb's General Store.
  1927 | D:2      | Learned a level 3 spell: Summon Ice Beast
  2243 | D:3      | Reached skill level 1 in Armour
  2243 | D:3      | Reached skill level 1 in Ice Magic
  2418 | D:3      | Found a shadowy altar of Dithmenos.
  2691 | D:3      | Reached XP level 5. HP: 30/37 MP: 6/10
  2737 | D:3      | Found an iron altar of Okawaru.
  3554 | D:4      | Reached skill level 6 in Summonings
  3554 | D:4      | Reached XP level 6. HP: 36/46 MP: 3/12
  3574 | D:4      | Found a staircase to the Ecumenical Temple.
  3653 | Temple   | Entered the Ecumenical Temple
  3746 | Temple   | Became a worshipper of Sif Muna the Loreminder
  4370 | D:5      | Entered Level 5 of the Dungeon
  4479 | D:5      | Found a broken altar of Ashenzari.
  4701 | D:5      | Reached XP level 7. HP: 49/52 MP: 2/13
  4708 | D:5      | Identified the +10 hand axe "Etaheuh" {heavy, rElec rPois
                  | Dex-5}
  4854 | D:5      | Found a basalt altar of Yredelemnul.
  4963 | D:5      | HP: 2/52 [orc wizard/puff of flame (11)]
  5229 | D:5      | Reached skill level 7 in Summonings
  5844 | D:5      | Found a white marble altar of Elyvilon.
  5844 | D:5      | Noticed Prince Ribbit
  5998 | D:5      | Learned a level 4 spell: Summon Lightning Spire
  6019 | D:5      | Killed Prince Ribbit
  6020 | D:5      | Reached skill level 5 in Spellcasting
  6020 | D:5      | Reached XP level 8. HP: 58/58 MP: 4/15
  6225 | D:6      | Reached * piety under Sif Muna
  6592 | D:6      | HP: 2/60 [orc warrior/+0 war axe (16)]
  6849 | D:6      | Found a shimmering altar of Xom.
  6849 | D:6      | Found a shimmering altar of Xom.
  6850 | D:6      | Found a shimmering altar of Xom.
  6850 | D:6      | Found a shimmering altar of Xom.
  6855 | D:6      | Found a shimmering altar of Xom.
  6855 | D:6      | Found a shimmering altar of Xom.
  6921 | D:6      | Reached skill level 8 in Summonings
  7085 | D:6      | Found a shimmering altar of Xom.
  7112 | D:6      | Found Dootiesch's Assorted Antiques.
  7118 | D:6      | Learned a level 4 spell: Summon Blazeheart Golem
  7122 | D:6      | Bought a gilded ring for 130 gold pieces
  7894 | D:6      | Reached skill level 1 in Short Blades
  7894 | D:6      | Reached XP level 9. HP: 39/66 MP: 9/18
  8299 | D:7      | Learned a level 4 spell: Martyr's Knell
  8525 | D:8      | Reached skill level 9 in Summonings
  8773 | D:8      | Found Haucuru's Weapon Shoppe.
  8951 | D:8      | Reached ** piety under Sif Muna
  9058 | D:8      | Reached skill level 1 in Air Magic
  9120 | D:8      | Reached skill level 5 in Fighting
  9120 | D:8      | Reached skill level 10 in Summonings
  9216 | D:8      | Noticed Maurice
  9242 | D:8      | Maurice stole a staff of cold
  9249 | D:8      | Maurice stole an amulet of reflection
  9251 | D:8      | Maurice stole a storm talisman
  9253 | D:8      | Killed Maurice
  9254 | D:8      | Reached XP level 10. HP: 49/74 MP: 0/22
  9543 | D:8      | Reached skill level 5 in Dodging
 10193 | D:9      | Reached skill level 11 in Summonings
 10496 | D:9      | Found a radiant altar of Vehumet.
 10575 | D:9      | Noticed a kobold demonologist
 10577 | D:9      | Noticed a kobold demonologist
 10590 | D:9      | Killed a kobold demonologist
 10596 | D:9      | Reached *** piety under Sif Muna
 10597 | D:9      | Noticed a sixfirhy
 10611 | D:9      | Noticed a sixfirhy
 10733 | D:9      | Noticed a sun demon
 10733 | D:9      | Killed a kobold demonologist
 10734 | D:9      | Reached skill level 5 in Ice Magic
 10906 | D:10     | Entered Level 10 of the Dungeon
 11074 | D:10     | Reached skill level 5 in Armour
 11239 | D:10     | Learned a level 5 spell: Summon Forest
 11429 | D:10     | Noticed a cyclops
 11434 | D:10     | Killed a cyclops
 11435 | D:10     | Reached skill level 1 in Fire Magic
 11834 | D:10     | Reached XP level 11. HP: 74/83 MP: 12/24
 11913 | D:10     | Found a runed translucent door.
 11913 | D:10     | Noticed a rakshasa
 11916 | D:10     | Noticed a deep elf zephyrmancer
 11946 | D:10     | Killed a rakshasa
 12096 | D:10     | Noticed a five-headed hydra
 12098 | D:10     | Noticed a centaur warrior
 12309 | D:11     | Reached skill level 12 in Summonings
 13014 | D:11     | Found a staircase to the Lair.
 13262 | D:11     | Noticed a rakshasa
 13272 | D:11     | Noticed a cyclops
 13273 | D:11     | Noticed a cyclops
 13292 | D:11     | Killed a rakshasa
 13430 | D:11     | Killed a cyclops
 13431 | D:11     | Reached skill level 10 in Spellcasting
 13734 | D:11     | Found a portal to a secret trove of treasure.
 13754 | D:11     | Found a staircase to the Orcish Mines.
 14418 | D:11     | Identified the amulet "Imasasch" {Faith *Corrode rF+++
                  | Str-2 Dex+5}
 14498 | Lair:1   | Entered Level 1 of the Lair of Beasts
 14608 | Lair:1   | Found a bloodstained altar of Trog.
 14668 | Lair:1   | Reached skill level 13 in Summonings
 15113 | Lair:1   | Reached XP level 12. HP: 41/91 MP: 5/26
 16191 | Lair:2   | Noticed a seven-headed hydra
 16199 | Lair:2   | Killed a seven-headed hydra
 16200 | Lair:2   | Reached skill level 1 in Necromancy
 16436 | Lair:2   | Noticed an eight-headed hydra
 16444 | Lair:2   | Killed an eight-headed hydra
 16454 | Lair:2   | Learned a level 7 spell: Summon Hydra
 16593 | Lair:2   | Found a runed translucent door.
 16593 | Lair:2   | Noticed Biggs's ghost (journeyman TrFi)
 16913 | Lair:2   | Reached skill level 14 in Summonings
 17247 | Lair:2   | Reached **** piety under Sif Muna
 17315 | Lair:2   | Found a staircase to the Snake Pit.
 17649 | Lair:3   | Identified the amulet of Qezesaym {RegenMP rElec Regen+
                  | Int-3 SInv}
 17802 | Lair:3   | Found a staircase to the Swamp.
 17817 | Lair:3   | Reached skill level 1 in Invocations
 17923 | Lair:3   | Gained mutation: You can hop long distances. [Barachi
                  | growth]
 17923 | Lair:3   | Reached XP level 13. HP: 56/99 MP: 28/28
 18324 | Lair:4   | Found a staircase to the Slime Pits.
 18324 | Lair:4   | Found a viscous altar of Jiyva.
 18808 | Lair:4   | Reached skill level 15 in Summonings
 18827 | Lair:4   | Found a frozen archway.
 18865 | IceCv    | Entered an ice cave
 19028 | Lair:4   | Noticed a fire dragon
 19040 | Lair:4   | Killed a fire dragon
 19372 | Lair:4   | Identified the ring of Xoriojas {Ice +Blink Str+4}
 19389 | Lair:5   | Entered Level 5 of the Lair of Beasts
 19500 | Lair:5   | Reached ***** piety under Sif Muna
 19552 | Lair:5   | Found a sacrificial altar of Ru.
 19670 | Lair:5   | Identified the +1 scale mail "Usoevveylo" {Regen+ rCorr
                  | Dex+3}
 20615 | Lair:5   | Received a gift from Sif Muna
 20619 | Lair:5   | Got Sif Muna's Verses on the Harmful Dragon {god gift}
 20951 | Lair:5   | Reached XP level 14. HP: 84/108 MP: 22/30
 20990 | Lair:5   | Noticed a dire elephant
 20998 | Lair:5   | Reached skill level 16 in Summonings
 21002 | Lair:5   | Killed a dire elephant
 21353 | Orc:1    | Entered Level 1 of the Orcish Mines
 21353 | Orc:1    | Noticed Snorg
 21360 | Orc:1    | Killed Snorg
 21956 | Orc:2    | Entered Level 2 of the Orcish Mines
 22167 | Orc:2    | Paralysed by an orc sorcerer for 5 turns
 23625 | Orc:2    | Found Rufesa's Jewellery Shoppe.
 23712 | Orc:2    | Noticed an orc warlord
 23727 | Orc:2    | Killed an orc warlord
 23750 | Orc:2    | Reached skill level 10 in Fighting
 23855 | Orc:1    | Received a gift from Sif Muna
 24028 | Orc:1    | Got Sif Muna's Spellbook of Prime Convocation {god gift}
 24260 | Orc:2    | Learned a level 6 spell: Summon Cactus Giant
 24369 | Orc:2    | Found a staircase to the Elven Halls.
 24802 | Orc:2    | Noticed Azrael
 24814 | Orc:2    | Killed Azrael
 24869 | Orc:2    | Found Xoatot's General Store.
 24870 | Orc:2    | Found Gaghiufa's Jewellery Emporium.
 24873 | Orc:2    | Found Gutoju Laubu's Antique Armour Shoppe.
 24873 | Orc:2    | Found Unobb's Antique Weapon Shoppe.
 24888 | Orc:2    | Bought 2 scrolls of blinking for 150 gold pieces
 24890 | Orc:2    | Bought the ring "Zaarhyej" {rC+ Str-2 Int+3 Slay+5} for 826
                  | gold pieces
 25240 | D:12     | Reached skill level 17 in Summonings
 26418 | D:13     | Annihilated by a titanic slime creature

Illustrated notes

Levels and vault maps discovered:
D:1:      dpeg_arrival_orchard, layout_loops_corners
D:2:      layout_basic, basic_altar, serial_shops, shop
D:3:      layout_rooms, okawaru_gym_becter, mainiacjoe_overflow_catwalk,
          minmay_checkerbox
D:4:      layout_loops_ring, minmay_temple_entry_ruins
D:5:      layout_gridville, evilmike_ruin_ashenzari, kennysheep_ying_yang,
          st_stairs_7, uniq_prince_ribbit1
D:6:      layout_loops_corners, xom_redecorated, serial_shops,
          nicolae_shop_hallway_plus
D:7:      layout_gridville, nicolae_figureground_pulse
D:8:      layout_basic, nicolae_take_the_stairs, uniq_maurice
D:9:      layout_roguey, vehumet_altar_wand_db, dk_noncrumbling_4
D:10:     layout_loops_ring, chequers_garden, minivault_13
D:11:     minmay_blocky_corners, layout_loops_ring,
          grunt_lair_entry_orc_guard_hut, orc_0_dummy, enter_trove_2,
          serial_bayou, serial_bayou_shore_a, serial_bayou_pond_c,
          serial_bayou_pond_b, serial_bayou_lagoon_a, serial_bayou_pond_d,
          columned_hall_lemuel
D:12:     layout_small_grid, lemuel_nasty_fountain
D:13:     layout_loops_cross
Temple:   bh_familiar_temple
Lair:1:   layout_long_grid, basic_altar, beast_lair_carwin_3
Lair:2:   layout_roguey, minmay_snake_entry_guardpost_medium,
          hellmonk_ghost_happy_afterlife
Lair:3:   layout_hall_layers, nicolae_swamp_entry_splash_gauntlet,
          lemuel_fruit_fields
Lair:4:   layout_roguey, nicolae_slime_entry_field_trip, portal_ice_cave_rime,
          bobbens_dragon_lair_wall, lemuel_fruit_fields
Lair:5:   grunt_lair_end_beastmaster, layout_regular_city, basic_altar
Orc:1:    layout_caves, basic_altar, uniq_snorg
Orc:2:    st_orc_congregation, layout_diamond_mine, basic_altar, serial_shops,
          shop, uniq_azrael

Skill      XL: |  1  2  3  4  5  6  7  8  9 10 11 12 13 14 |
---------------+-------------------------------------------+-----
Summonings     | 5 6 7 8 10 11 13 14 15 17 | 17.0
Fighting       | 1 2 3 4 5 6 7 8 9 10 | 10.7
Spellcasting   | 3 4 5 6 8 9 10 11 12 14 | 14.1
Armour         | 1 2 3 4 5 6 7 8 9 |  9.1
Ice Magic      | 1 2 3 4 5 6 7 |  7.5
Dodging        | 3 4 5 6 7 8 |  8.6
Stealth        | 2 |  2.8
Short Blades   | 1 2 |  2.8
Air Magic      | 1 2 3 |  3.6
Fire Magic     | 1 2 |  2.0
Necromancy     | 1 |  1.9
Invocations    | 1 3 4 |  4.3
Axes           | |  0.1
Shields        | |  0.8
Translocations | |  0.4
Evocations     | |  0.4

Action                     |  1- 3 |  4- 6 |  7- 9 | 10-12 | 13-15 || total
---------------------------+-------+-------+-------+-------+-------++-------
  Melee: Dagger            |    41 |    42 |    66 |   190 |   436 ||   775
         Punch             |       |     2 |     3 |     5 |    18 ||    28
         Staff             |       |       |       |       |     3 ||     3
         Hand axe          |       |       |       |       |    11 ||    11
   Cast: Summon Small Mamm |    17 |     5 |     6 |     6 |    12 ||    46
         Call Imp          |    18 |    21 |    41 |    61 |    47 ||   188
         Call Canine Famil |     5 |    18 |    16 |    40 |    31 ||   110
         Summon Ice Beast  |       |    22 |    43 |    71 |    52 ||   188
         Summon Lightning  |       |       |    15 |    72 |    43 ||   130
         Summon Blazeheart |       |       |     5 |    36 |    14 ||    55
         Martyr's Knell    |       |       |     3 |    31 |    17 ||    51
         Summon Forest     |       |       |       |     4 |    27 ||    31
         Summon Hydra      |       |       |       |     1 |   129 ||   130
         Summon Cactus Gia |       |       |       |       |    21 ||    21
 Invoke: Channel Magic     |       |       |       |     1 |       ||     1
Ability: Hop               |       |       |     4 |     2 |     7 ||    13
  Evoke: Wand              |       |       |     3 |     2 |     1 ||     6
    Use: Scroll            |     3 |     4 |     7 |     7 |    11 ||    32
         Potion            |       |       |     4 |     4 |     4 ||    12
   Stab: Sleeping          |     5 |     2 |       |     1 |     1 ||     9
         Distracted        |       |       |     3 |     5 |     7 ||    15
 Armour: Robe              |    23 |    32 |    93 |    82 |   111 ||   341
         Troll leather arm |       |       |       |    99 |   319 ||   418
  Dodge: Dodged            |    24 |    46 |   121 |   322 |   543 ||  1056
  Block: Other             |     3 |       |       |     5 |       ||     8
